 Dungeon Crawl Stone Soup version 0.30-a0-586-g23e55c9e0a (webtiles) character file.

Game seed: 5810069099360976274

671815 Dirtsage the Black Belt (level 27, -25/197 HPs)
             Began as an Octopode Transmuter on Dec 29, 2022.
             Was the Champion of the Shining One.
             Killed from afar by a Hell Sentinel (34 damage)
             ... with damnation
             ... in Pandemonium on Jan 3, 2023.
             The game lasted 05:42:49 (74780 turns).

Dirtsage the Black Belt (Octopode Transmuter)      Turns: 74780, Time: 05:42:50

Health: -25/197    AC: 30    Str: 11    XL:     27
Magic:  43/43      EV: 46    Int: 50    God:    the Shining One [******]
Gold:   2471       SH:  0    Dex: 25    Spells: 5/58 levels left

rFire   + + .      SeeInvis +      - Unarmed
rCold   + + .      Faith    .    (shield currently unavailable)
rNeg    + + +      Spirit   .    (helmet currently unavailable)
rPois   ∞          Reflect  .    N - amulet "Ofoilogo" {Acrobat Regen+ rCorr}
rElec   +          Harm     .    P - ring of Irytuus {rElec rF+ Int+4 Dex+7}
rCorr   +          Rampage  .    k - +6 ring of intelligence
Will    ++++.                    A - ring of Hedonism {rC+ Str+2 Dex+6 SInv}
Stlth   +                        G - ring of the Howling Gods {rPois Will+ EV+5}
HPRegen 1.32/turn                Z - ring of Winter {rF+ rC+}
MPRegen 0.28/turn                p - ring "Astul" {rPois Will+ Int+6}
                                 c - +6 ring of intelligence
                                 S - +4 ring of protection

@: storm-form, flying, glowing, studying 2 skills
A: cleaving, insubstantial, flying, almost no armour, amphibious, 8 rings,
(camouflage 1), (gelatinous body 1), (nimble swimmer 1), (tentacles), clumsy 1,
(fire resistance 1), wild magic 1, MP-powered wands
}: 6/15 runes: barnacled, slimy, silver, demonic, fiery, gossamer
a: Blinkbolt, End Transformation, Renounce Religion, Divine Shield, Cleansing
Flame, Summon Divine Warrior, Brand Weapon With Holy Wrath


You were in Pandemonium.
You worshipped the Shining One.
The Shining One was exalted by your worship.
You were a lightning-filled tempest!
You visited 10 branches of the dungeon, and saw 48 of its levels.
You visited Pandemonium 1 time, and saw 7 of its levels.
You also visited: Gauntlet, Ice Cave, Wizlab and Desolation.

You collected 9077 gold pieces.
You spent 6606 gold pieces at shops.

Inventory:

Hand Weapons
 V - the +8 trishula "Condemnation" {holy, anguish, *Noise Fly rN+}
   (You found it on level 4 of the Lair of Beasts)

   It has been blessed by the Shining One to cause great damage to the undead
   and demons.
   It inflicts anguish, making its victims' attacks reflect back on them.
   rN:        It protects you from negative energy.
   Fly:       It grants you flight.
   *Noise:    It may make noises in combat.
Armour
 i - a +0 hat of stealth (melded)
 J - a +4 kite shield of reflection (melded)
Magical Staves
 s - a staff of air (melded)
Jewellery
 a - the ring "Nass" {Wiz Dex+3}
   (You found it on level 3 of the Elven Halls)

   [ring of wizardry]

   It improves your spell success rate.
   Dex:       It affects your dexterity (+3).
 b - the amulet "Duaguar" {Faith rPois Str+4 Dex+2}
   (You found it on level 8 of the Dungeon)

   [amulet of faith]

   It allows you to gain divine favour quickly.
   Str:       It affects your strength (+4).
   Dex:       It affects your dexterity (+2).
   rPois:     It protects you from poison.
 c - a +6 ring of intelligence (on tentacle)
 f - an amulet of reflection
 k - a +6 ring of intelligence (right tentacle)
 p - the ring "Astul" (on tentacle) {rPois Will+ Int+6}
   (You bought it in a shop on level 14 of the Dungeon)

   [ring of intelligence]

   Int:       It affects your intelligence (+6).
   rPois:     It protects you from poison.
   Will:      It increases your willpower.
 u - a +6 ring of intelligence
 x - a +5 ring of evasion
 A - the ring of Hedonism (on tentacle) {rC+ Str+2 Dex+6 SInv}
   (You bought it in a shop on level 14 of the Dungeon)

   [ring of dexterity]

   Str:       It affects your strength (+2).
   Dex:       It affects your dexterity (+6).
   rC:        It protects you from cold.
   SInv:      It lets you see invisible.
 C - a ring of resist corrosion
 F - a ring of protection from fire
 G - the ring of the Howling Gods (on tentacle) {rPois Will+ EV+5}
   (You bought it in a shop on level 2 of the Orcish Mines)

   [ring of evasion]

   EV:        It affects your evasion (+5).
   rPois:     It protects you from poison.
   Will:      It increases your willpower.
 I - a ring of protection from cold
 N - the amulet "Ofoilogo" (around neck) {Acrobat Regen+ rCorr}
   (You found it in Pandemonium)

   [amulet of the acrobat]

   It increases your evasion while moving and waiting.
   Regen:     It increases your rate of health regeneration.
   rCorr:     It protects you from acid and corrosion.
 O - the ring "Sefelo" {Ice Will+}
   (You found it in an ice cave)

   [ring of ice]

   It enhances your ice magic.
   rF:        It makes you vulnerable to fire.
   rC:        It protects you from cold.
   Will:      It increases your willpower.
 P - the ring of Irytuus (left tentacle) {rElec rF+ Int+4 Dex+7}
   (You bought it in a shop on level 2 of the Orcish Mines)

   [ring of protection from fire]

   Int:       It affects your intelligence (+4).
   Dex:       It affects your dexterity (+7).
   rF:        It protects you from fire.
   rElec:     It insulates you from electricity.
 R - the ring "Sitwa" {rF- rC+ Str+5 Int+6 Dex+4}
   (You found it in Pandemonium)

   [ring of intelligence]

   Str:       It affects your strength (+5).
   Int:       It affects your intelligence (+6).
   Dex:       It affects your dexterity (+4).
   rF:        It makes you vulnerable to fire.
   rC:        It protects you from cold.
 S - a +4 ring of protection (on tentacle)
 Y - a ring of flight
 Z - the ring of Winter (on tentacle) {rF+ rC+}
   (You found it in a Gauntlet)

   [ring of protection from fire]

   rF:        It protects you from fire.
   rC:        It protects you from cold.
Wands
 r - a wand of roots (34)
 D - a wand of digging (9)
 K - a wand of light (34)
Scrolls
 e - 5 scrolls of immolation
 g - 6 scrolls of fear
 t - 20 scrolls of teleportation
 w - 9 scrolls of amnesia
 y - 7 scrolls of magic mapping
 B - 6 scrolls of blinking
 E - 4 scrolls of butterflies
 Q - 8 scrolls of fog
 T - 8 scrolls of poison
 U - 13 scrolls of vulnerability
 W - a scroll of silence
Potions
 d - 6 potions of might
 h - 7 potions of haste
 j - 16 potions of ambrosia
 l - 6 potions of heal wounds
 m - 11 potions of mutation
 n - 5 potions of resistance
 o - 4 potions of attraction
 q - 20 potions of curing
 v - 8 potions of brilliance
 z - 5 potions of magic
 H - 5 potions of berserk rage
 L - 4 potions of flight
 M - 9 potions of cancellation
Miscellaneous
 X - a lightning rod (4/4)


   Skills:
 + Level 18.5 Fighting
 + Level 13.7 Dodging
 - Level 12.6 Shields
 + Level 19.0 Unarmed Combat
 + Level 16.2 Spellcasting
 - Level 5.7 Conjurations
 * Level 9.1 Hexes
 - Level 10.4 Summonings
 - Level 12.9 Translocations
 + Level 16.9 Transmutations
 - Level 11.5 Ice Magic
 * Level 17.0 Air Magic
 - Level 10.8 Earth Magic
 - Level 5.0 Poison Magic
 - Level 14.0 Invocations


You had 5 spell levels left.
You knew the following spells:

 Your Spells              Type           Power      Damage    Failure   Level
a - Summon Mana Viper     Hex/Summ       100%       N/A       1%          5
b - Wereblood             Tmut           100%       N/A       1%          2
c - Enfeeble              Hex            53%        N/A       14%         7
e - Freezing Cloud        Conj/Ice/Air   58%        6-21      1%          5
f - Summon Forest         Summ/Tloc      58%        N/A       1%          5
g - Summon Cactus Giant   Summ           56%        N/A       2%          6
h - Statue Form           Tmut/Erth      83%        N/A       1%          6
i - Storm Form            Tmut/Air       67%        N/A       1%          7
j - Manifold Assault      Tloc           100%       N/A       1%          4
k - Lesser Beckoning      Tloc           100%       N/A       1%          3
s - Swiftness             Air            100%       N/A       1%          3

Your spell library contained the following spells:

 Spells                   Type           Power      Damage    Failure   Level
 Apportation              Tloc           100%       N/A       1%          1
 Beastly Appendage        Tmut           100%       N/A       1%          1
 Magic Dart               Conj           100%       1d8       1%          1
 Necrotise                Necr           100%       1d9       1%          1
 Sandblast                Erth           100%       2d20      1%          1
 Slow                     Hex            100%       N/A       1%          1
 Sting                    Tmut/Pois      100%       1d8       1%          1
 Summon Small Mammal      Summ           100%       N/A       1%          1
 Blink                    Tloc           100%       N/A       1%          2
 Call Imp                 Summ           100%       N/A       1%          2
 Cigotuvi's Dreadful Rot  Necr/Pois/Air  100%       N/A       1%          2
 Ensorcelled Hibernation  Hex/Ice        100%       N/A       1%          2
 Momentum Strike          Conj/Tloc      100%       3d10      1%          2
 Passwall                 Tmut/Erth      100%       N/A       1%          2
 Scorch                   Fire           100%       2d10      1%          2
 Searing Ray              Conj           100%       2d8       1%          2
 Static Discharge         Conj/Air       100%       2-7/arc   1%          2
 Sublimation of Blood     Necr           51%        N/A       1%          2
 Call Canine Familiar     Summ           100%       N/A       1%          3
 Confusing Touch          Hex            100%       N/A       1%          3
 Frozen Ramparts          Ice            100%       1d16      1%          3
 Gell's Gravitas          Tloc           100%       N/A       1%          3
 Ignite Poison            Fire/Tmut/Pois 99%        N/A       1%          3
 Kindle Blastsparks       Fire/Tloc/Air  100%       2d18      1%          3
 Mephitic Cloud           Conj/Pois/Air  100%       N/A       1%          3
 Portal Projectile        Hex/Tloc       100%       N/A       1%          3
 Spider Form              Tmut/Pois      100%       N/A       1%          3
 Teleport Other           Tloc           100%       N/A       1%          3
 Tukima's Dance           Hex            100%       N/A       1%          3
 Vhi's Electric Charge    Tloc/Air       100%       N/A       1%          3
 Anguish                  Hex/Necr       42%        N/A       1%          4
 Fulminant Prism          Conj/Hex       49%        3d21      1%          4
 Ice Form                 Ice/Tmut       100%       N/A       1%          4
 Iskenderun's Mystic Bla  Conj/Tloc      100%       2d19      1%          4
 Leda's Liquefaction      Hex/Erth       55%        N/A       1%          4
 Olgreb's Toxic Radiance  Pois           87%        N/A       1%          4
 Passage of Golubria      Tloc           100%       N/A       1%          4
 Petrify                  Tmut/Erth      100%       N/A       1%          4
 Summon Ice Beast         Ice/Summ       100%       N/A       1%          4
 Summon Lightning Spire   Summ/Air       100%       N/A       1%          4
 Alistair's Intoxication  Tmut/Pois      76%        N/A       1%          5
 Arcjolt                  Conj/Air       58%        1d68      1%          5
 Blade Hands              Tmut           67%        N/A       1%          5
 Irradiate                Conj/Tmut      58%        3d31      1%          5
 Lee's Rapid Deconstruct  Erth           57%        3d26*     1%          5
 Lightning Bolt           Conj/Air       58%        1d80      1%          5
 Metabolic Englaciation   Hex/Ice        56%        N/A       1%          5
 Silence                  Hex/Air        61%        N/A       1%          5
 Yara's Violent Unravell  Hex/Tmut       61%        3d23      1%          5
 Vampiric Draining        Necr           51%        2d9       2%          3
 Iskenderun's Battlesphe  Conj           91%        2d14      2%          5
 Sticky Flame             Conj/Fire      74%        2d9       3%          4
 Fireball                 Conj/Fire      37%        3d15      7%          5
 Dispel Undead            Necr           51%        3d19      8%          4
 Conjure Ball Lightning   Conj/Air       58%        3x3d21    1%          6
 Dispersal                Tloc           60%        N/A       1%          6
 Eringya's Noxious Bog    Tmut/Pois      57%        N/A       1%          6
 Maxwell's Capacitive Co  Air            67%        ∞         5%          8
 Ozocubu's Refrigeration  Ice            58%        4d20      6%          7
 Summon Hydra             Summ           56%        N/A       9%          7
 Disjunction              Tloc           60%        N/A       22%         8
 Starburst                Conj/Fire      37%        6d11      30%         6
 Orb of Destruction       Conj           45%        9d12      45%         7
 Death Channel            Necr           25%        N/A       67%         6
 Discord                  Hex            53%        N/A       67%         8
 Lehudib's Crystal Spear  Conj/Erth      51%        10d12     78%         8
 Polar Vortex             Ice            58%        N/A       99%         9
 Ignition                 Fire           25%        3d9       100%        8
 Dragon's Call            Summ           56%        N/A       100%        9
 Fire Storm               Conj/Fire      37%        8d9       100%        9


Dungeon Overview and Level Annotations

Branches:
Dungeon (15/15)            Temple (1/1) D:6            Lair (5/5) D:10
 Shoals (4/4) Lair:2       Spider (4/4) Lair:3        Slime (5/5) Lair:4
    Orc (2/2) D:9             Elf (3/3) Orc:2        Vaults (5/5) D:14
  Crypt (0/3) Vaults:2     Depths (4/4) D:15            Zot (0/5) Depths:4
  IceCv (visited)          WizLab (visited)         Desolation (visited)
Gauntlet (visited)

Altars:
Ashenzari
Dithmenos
Elyvilon
Fedhas
Gozag
Hepliaklqana
Kikubaaqudgha
Nemelex Xobeh
Okawaru
Qazlal
Ru
Sif Muna
Trog
Uskayaw
Vehumet
Wu Jian
Xom
Yredelemnul
Zin
The Shining One
Jiyva
Lugonu

Shops:
D:9 =   D:12 *   D:14 =[(**   Orc:2 *!=:*   Elf:1 ?   Shoals:2 [   Shoals:4 *
Vaults:1 ([   Vaults:2 =   Vaults:4 :   Depths:4 :

Portals:
Hell: Depths:1 Depths:2 Depths:3 Depths:4
Abyss: Depths:2
Pandemonium: Depths:2 Depths:4
Trove: Elf:2 (give 8 potions of haste)


Innate Abilities, Weirdness & Mutations

You are a lightning-filled tempest!
Your electrical attacks strike out in all directions at once.
You are incredibly evasive.
Your insubstantial body is immune to petrification, constriction, and being set on fire You are flying.
You are immune to poison.
Your armour is entirely melded.
You are incapable of wielding weapons or throwing items.
You cannot wear most types of armour.
You are amphibious.
You can wear up to eight rings at the same time.
((Your skin changes colour to match your surroundings (Stealth+).))
((Your rubbery body absorbs attacks. (AC +1, EV +1)))
((You are camouflaged when in or above water. (Stealth+)))
((You have tentacles for arms and can constrict up to eight enemies at once.))
You are clumsy. (Dex -2)
((Your flesh is heat resistant. (rF+)))
Your spells are a little harder to cast, but a little more powerful.
You expend magic power (3 MP) to strengthen your wands.


Message History

The Hell Sentinel is lightly wounded.
The Hell Sentinel misses you.
The Hell Sentinel completely misses you.
You blast the Hell Sentinel!!!
The Hell Sentinel is moderately wounded.
The Hell Sentinel gestures at you.
The sphere of damnation explodes!
The damnation engulfs you!!!
The damnation engulfs the Hell Sentinel.
The Hell Sentinel completely resists.
The hellion gestures at you.
The sphere of damnation explodes!
The damnation engulfs you!!
* * * LOW HITPOINT WARNING * * *
The damnation engulfs the Hell Sentinel.
The Hell Sentinel completely resists.
You take 73 damage, and have 52/197 hp.
MASSIVE DAMAGE!!
You batter the Hell Sentinel!! You punch the Hell Sentinel.
The Hell Sentinel is heavily wounded.
You blast the Hell Sentinel!!!
The Hell Sentinel is almost dead.
The hellion gestures at you.
The sphere of damnation explodes!
The damnation engulfs you!!
* * * LOW HITPOINT WARNING * * *
The damnation engulfs the Hell Sentinel.
The Hell Sentinel completely resists.
The Hell Sentinel gestures at you.
The sphere of damnation explodes!
The damnation engulfs you!!
* * * LOW HITPOINT WARNING * * *
The damnation engulfs the Hell Sentinel.
The Hell Sentinel completely resists.
You take 49 damage, and have 4/197 hp.
MASSIVE DAMAGE!!
Okay, then.
You feel much better. The hellion gestures at you.
The sphere of damnation explodes!
The damnation engulfs you!!
* * * LOW HITPOINT WARNING * * *
The damnation engulfs the Hell Sentinel.
The Hell Sentinel completely resists.
The Hell Sentinel gestures at you.
The sphere of damnation explodes!
The damnation engulfs you!!
You die...

#.....# ########
###.....##.......####
........##.#........#
........##.# .......
........##.# .....
.......###.# ...
.......# #.# #'# .
.......###.#####.###....
..........∩.....v.......
.###############1###....
.#.. ..2. .. .#.# ####.#
.#.##### ... ....... ...
..... ...# .#.# ###
...######


You could see a Hell Sentinel and a hellion.

Vanquished Creatures
  Cerebov (Pan)
  the Royal Jelly (Slime:5)
  Ignacio (Pan)
  A dread lich (Vaults:5)
  An ancient lich (Vaults:5)
  Mennas (Pan)
  4 pandemonium lords (Pan)
  3 caustic shrikes
  4 golden dragons
  The ghost of Yseim the Conqueror, an adept MiBe of Trog (Depths:3)
  2 Brimstone Fiends (Pan)
  4 Tzitzimimeh (Pan)
  Jorgrun (Spider:1)
  6 Hell Sentinels (Pan)
  2 Ice Fiends (Pan)
  7 titans
  3 tentacled monstrosities
  9 liches
  A quicksilver dragon (Depths:4)
  The ghost of Aram the Tortoise, an adept AtMo of Okawaru (Vaults:1)
  3 deep elf master archers (Elf:3)
  25 acid blobs
  4 deep elf blademasters
  A walking frostbound tome (Depths:2)
  Asterion (Depths:1)
  6 sphinxes
  3 Executioners (Pan)
  An ancient champion (Depths:1)
  Gastronok (Lair:2)
  8 tengu reavers
  Donald (Elf:1)
  5 storm dragons
  5 shadow dragons
  2 demonspawn warmongers (Pan)
  Ilsuiw (Shoals:3)
  13 azure jellies
  8 frost giants
  21 balrugs
  22 vault wardens
  12 deep elf sorcerers
  9 ghost moths
  8 rockslimes
  6 fire giants
  A draconian scorcher (Depths:4)
  A ghost moth (shapeshifter) (Elf:1)
  4 emperor scorpions
  An imperial myrmidon (Desolation)
  5 deep elf elementalists (Elf:3)
  2 iron dragons
  5 cacodemons (Pan)
  4 draconian stormcallers (Depths:4)
  3 demonspawn corrupters (Pan)
  2 angels (Elf:1)
  16 ironbound preservers
  5 reapers (Pan)
  The ghost of SlaveLabor the Destroyer, a journeyman DEEE of Sif Muna (Spider:1)
  7 demonspawn blood saints (Pan)
  2 orc warlords
  2 spriggan defenders (Depths:2)
  11 quicksilver oozes
  3 broodmothers
  13 stone giants
  6 war gargoyles
  20 very ugly things
  8 ironbound thunderhulks
  3 deep elf demonologists
  A black draconian (Depths:4)
  A vampire knight (Depths:4)
  4 lorocyprocas (Pan)
  Nessos (D:13)
  A red draconian (Depths:4)
  7 demonspawn black suns (Pan)
  A minotaur (Gauntlet)
  7 spark wasps
  4 deep elf annihilators
  A white draconian (Depths:4)
  A purple draconian (Depths:4)
  3 dire elephants (Vaults:1)
  A quicksilver dragon zombie (D:15)
  2 crystal guardians (Desolation)
  11 ettins
  12 blizzard demons (Pan)
  2 merfolk javelineers (Shoals:4)
  7 merfolk impalers
  2 entropy weavers
  Josephine (Spider:1)
  9 fire dragons
  6 green deaths (Pan)
  15 yaktaur captains
  8 deep elf death magi
  2 mummy priests (WizLab)
  8 servants of whispers (Desolation)
  6 ragged hierophants (Desolation)
  4 deep elf high priests
  14 great orbs of eyes
  The ghost of Nethreeru the Cleaver, a journeyman MiFi of Dithmenos (Orc:2)
  36 vault guards
  10 peacekeepers (Desolation)
  3 hell beasts
  2 rakshasas (Depths:2)
  11 ice dragons
  3 spriggan air magi
  An ogre mage (Vaults:5)
  6 hydras
  A juggernaut simulacrum (Pan)
  3 merfolk aquamancers
  11 ironbound frosthearts
  2 merfolk avatars
  10 centaur warriors
  A catoblepas (Lair:5)
  2 satyrs (Shoals:3)
  2 radroaches
  5 two-headed ogres
  11 boulder beetles
  9 deep troll earth magi
  2 tengu warriors (Depths:2)
  2 vampire magi (Depths:2)
  9 deep troll shamans
  2 orc high priests (Orc:2)
  8 death yaks
  36 dancing weapons
  5 spriggan berserkers
  Nergalle (D:12)
  11 soul eaters (Pan)
  9 deep elf knights
  A fire crab (Lair:5)
  A hell knight (Depths:2)
  67 sun demons (Pan)
  3 spriggans
  8 sixfirhies (Pan)
  2 pharaoh ants
  4 iron trolls
  Amaemon (Lair:2)
  2 golden dragon zombies (WizLab)
  4 skeletal warriors
  5 sea snakes
  A sea snake (shapeshifter) (Elf:2)
  2 tengu zombies
  A sun moth (Spider:2)
  3 phantasmal warriors
  4 steelbarb worms
  A glowing orange brain (shapeshifter) (Vaults:5)
  3 glowing orange brains
  3 shadow demons (Pan)
  39 deep trolls
  7 orb spiders
  A steelbarb worm (shapeshifter) (Elf:2)
  11 deep elf archers
  11 lindwurms
  9 harpies
  14 ironbound convokers
  12 orc knights
  8 wizards
  13 wolf spiders
  29 deep elf pyromancers
  32 deep elf zephyrmancers
  3 flayed ghosts
  A shadow dragon zombie (WizLab)
  7 cyclopes
  A moth of wrath (shapeshifter) (Vaults:5)
  5 fauns (Shoals:3)
  5 necromancers
  A stone giant zombie (WizLab)
  2 orc sorcerers
  17 manticores
  3 frost giant zombies
  39 ugly things
  3 moths of wrath
  24 elephants
  A demonspawn zombie (WizLab)
  2 eyes of devastation
  3 ice statues
  A rust devil (Pan)
  12 merfolk sirens
  4 molten gargoyles
  17 vault sentinels
  6 torpor snails
  3 water nymphs
  Maggie (D:9)
  9 black mambas
  A gargoyle (D:13)
  6 cane toads
  8 orange demons
  16 smoke demons
  A hellion (Pan)
  2 freezing wraiths
  8 tormentors (Pan)
  3 kobold demonologists
  9 demonic crawlers
  10 komodo dragons
  2 unseen horrors
  3 rime drakes
  4 ice devils
  8 efreet
  3 guardian mummies (WizLab)
  A yaktaur skeleton (Vaults:1)
  48 yaktaurs
  2 tengu conjurers (Depths:3)
  2 trolls
  5 wind drakes
  6 red devils
  7 hornets
  17 tarantellas
  2 wind drakes (shapeshifter)
  17 merfolk
  3 hellwings (Pan)
  A blink frog (shapeshifter) (Elf:3)
  3 meliai (Spider:3)
  A dream sheep (Lair:3)
  46 saltlings (Desolation)
  25 blink frogs
  87 slime creatures
  3 snapping turtles
  A spriggan zombie (WizLab)
  Sigmund (D:2)
  An ettin skeleton (Vaults:3)
  15 jumping spiders
  A spriggan skeleton (D:15)
  A jumping spider (shapeshifter) (D:14)
  16 culicivoras
  29 ynoxinuls (Pan)
  Eustachio (D:5)
  2 shadows
  4 fire elementals
  7 wraiths
  A nameless horror (Vaults:3)
  23 water elementals
  11 wyverns
  45 yaks
  3 fire bats (Depths:4)
  2 neqoxecs (Pan)
  10 vampire mosquitoes
  A basilisk (shapeshifter) (D:14)
  2 golden eyes (Slime:5)
  44 redbacks
  Grum (D:9)
  4 basilisks
  A steam dragon (Lair:5)
  11 chaos spawn (Pan)
  10 wargs
  3 acid dragons
  A swamp worm (shapeshifter) (Vaults:1)
  15 water moccasins
  A floating eye (Depths:2)
  6 hell hounds
  2 ice beasts (D:6)
  16 large abominations
  15 orc warriors
  5 human zombies
  2 great orb of eyes simulacra (IceCv)
  5 black bears
  3 ogres
  2 boggarts
  3 wolves
  2 human skeletons
  5 centaurs
  A phantom (D:6)
  2 elf zombies (Elf:1)
  Blork the orc (D:5)
  6 kobold brigands
  18 bullfrogs
  A necrophage (D:7)
  7 scorpions
  3 glowing shapeshifter simulacra
  2 human simulacra
  11 killer bees
  5 electric eels
  3 howler monkeys
  5 lava snakes (Lair:5)
  A crimson imp (Gauntlet)
  4 jellies
  2 hounds
  9 orc priests
  A gnoll bouda (D:7)
  2 iguanas (D:6)
  15 orc wizards
  A shapeshifter simulacrum (IceCv)
  8 gnolls
  4 adders
  16 white imps
  4 ufetubi
  3 worms (Lair:3)
  6 dart slugs
  42 orcs
  3 bats
  2 endoplasms
  5 giant cockroaches
  15 goblins
  10 hobgoblins
  29 kobolds
  A quokka (D:5)
  4 ball pythons
  A frilled lizard (D:1)
  4 rats
  4 fire vortices (Pan)
  5 snaplasher vines
  A tentacle (Shoals:2)
2135 creatures vanquished.

Vanquished Creatures (collateral kills)
  A dread lich (WizLab)
  Bai Suzhen (Spider:3)
  Nikola (Shoals:1)
  Frances (D:13)
  3 acid blobs
  2 krakens
  Roxanne (Shoals:2)
  2 azure jellies
  An imperial myrmidon (Desolation)
  A balrug (Pan)
  A ghost moth (Spider:3)
  An ironbound preserver (Vaults:2)
  A quicksilver ooze (Slime:5)
  A very ugly thing (Vaults:5)
  A deep elf demonologist (Elf:3)
  A demonspawn blood saint (Pan)
  A vampire knight (Depths:2)
  3 demonspawn black suns (Pan)
  A deep elf annihilator (Elf:3)
  4 dire elephants
  Azrael (Elf:1)
  4 spark wasps
  2 ettins
  6 blizzard demons (Pan)
  A green death (Pan)
  A merfolk javelineer (Shoals:4)
  2 fire dragons (Depths:2)
  3 merfolk impalers
  A deep elf death mage (Elf:1)
  A servant of whispers (Desolation)
  A great orb of eyes (Slime:5)
  3 entropy weavers
  2 ragged hierophants (Desolation)
  3 vault guards
  A jorogumo (Spider:3)
  A hydra (Lair:5)
  A juggernaut simulacrum (Pan)
  4 peacekeepers
  2 two-headed ogres
  2 satyrs
  4 dancing weapons (Elf:2)
  A titan zombie (WizLab)
  An orc high priest (Orc:2)
  3 sun demons (Pan)
  7 deep elf knights (Elf:2)
  2 pharaoh ants
  2 sixfirhies (Pan)
  2 large abominations
  A sea snake (Shoals:2)
  2 steelbarb worms
  A spark wasp zombie (WizLab)
  7 deep trolls
  7 orb spiders
  2 tengu zombies
  A wizard (Depths:2)
  A deep elf pyromancer (Elf:2)
  2 lindwurms (Vaults:1)
  2 necromancers
  7 harpies
  An ironbound convoker (Vaults:1)
  3 orc sorcerers (Orc:2)
  An ugly thing (Depths:2)
  4 wolf spiders
  2 orc knights (Orc:2)
  4 deep elf zephyrmancers
  A cyclops (D:8)
  4 fauns (Shoals:2)
  3 manticores
  An elephant (Lair:3)
  A moth of wrath (Spider:1)
  3 merfolk sirens
  3 ice statues (Pan)
  An eye of devastation (Slime:1)
  A vault sentinel (Vaults:1)
  A molten gargoyle (Desolation)
  A guardian serpent (Desolation)
  2 water nymphs (Shoals:3)
  2 orange demons (Pan)
  3 yaktaurs
  2 demonic crawlers
  Psyche (D:9)
  A tormentor (Pan)
  A komodo dragon (Lair:3)
  2 ice devils (Pan)
  9 merfolk
  A hellwing (Pan)
  19 saltlings (Desolation)
  10 tarantellas
  2 hornets
  2 blink frogs
  18 slime creatures
  14 jumping spiders
  4 culicivoras
  3 yaks (Lair:5)
  A spriggan (Depths:2)
  3 fire elementals (Elf:1)
  A nameless horror (Spider:3)
  A wraith (Spider:1)
  A ynoxinul (Pan)
  2 basilisks (Lair:5)
  16 redbacks
  2 chaos spawn (Pan)
  A warg (Orc:2)
  2 water moccasins (Lair:2)
  A hell hound (Elf:1)
  9 orc warriors
  A black bear (D:6)
  An ogre (Orc:1)
  2 centaurs (D:15)
  A human zombie (WizLab)
  A bullfrog (Lair:4)
  A scorpion (D:6)
  3 killer bees (D:11)
  A crimson imp (Gauntlet)
  3 orc priests (Orc:2)
  A gnoll bouda (D:4)
  4 orc wizards
  16 orcs
  A fire vortex (Pan)
  5 tentacles
338 creatures vanquished.

Vanquished Creatures (others)
  An eldritch tentacle (Spider:1)
  A merfolk impaler (Shoals:4)
  A merfolk aquamancer (Shoals:2)
  A boulder beetle (Spider:1)
  A deep elf pyromancer (Elf:2)
  2 deep elf zephyrmancers (Elf:1)
  A wolf spider (Spider:4)
  A saltling (Desolation)
  A chaos spawn (Pan)
  An orc warrior (D:11)
  A shapeshifter simulacrum (IceCv)
  A fire vortex (Pan)
  24 fungi
  57 plants
  27 snaplasher vines
  10 tentacles
  11 toadstools (Lair:4)
  9 withered plants
151 creatures vanquished.

Grand Total: 2624 creatures vanquished

Notes
Turn   | Place    | Note
-------+----------+-------------------------------------------
     0 | D:1      | Dirtsage the Octopode Transmuter began the quest for the
                  | Orb.
     0 | D:1      | Reached XP level 1. HP: 13/13 MP: 3/3
   123 | D:1      | Reached skill level 1 in Ice Magic
   123 | D:1      | Reached XP level 2. HP: 18/18 MP: 5/5
   133 | D:1      | Learned a level 2 spell: Wereblood
   188 | D:1      | Got Dispater's Lessons on Collective Bedrock
   711 | D:2      | Reached XP level 3. HP: 15/23 MP: 6/6
  1031 | D:2      | Noticed Sigmund
  1044 | D:2      | Killed Sigmund
  1045 | D:2      | Reached XP level 4. HP: 28/28 MP: 7/7
  1045 | D:2      | Reached XP level 5. HP: 33/33 MP: 8/8
  1094 | D:2      | Learned a level 4 spell: Ice Form
  1766 | D:3      | Found a blossoming altar of Fedhas.
  1801 | D:3      | Found an ornate altar of the Wu Jian Council.
  2085 | D:3      | Found a basalt altar of Yredelemnul.
  2267 | D:4      | Reached XP level 6. HP: 36/38 MP: 9/9
  2287 | D:4      | Noticed a black bear
  2783 | D:4      | Killed a black bear
  2784 | D:4      | Reached skill level 5 in Transmutations
  2879 | D:4      | Reached XP level 7. HP: 43/43 MP: 6/10
  3596 | D:5      | Entered Level 5 of the Dungeon
  3648 | D:5      | Noticed Blork the orc
  3665 | D:5      | Killed Blork the orc
  3666 | D:5      | Reached skill level 5 in Ice Magic
  4159 | D:5      | Found a stormy altar of Qazlal.
  4192 | D:5      | Found an iron altar of Okawaru.
  4342 | D:5      | Noticed Eustachio
  4377 | D:5      | Killed Eustachio
  4469 | D:5      | Reached XP level 8. HP: 48/48 MP: 6/11
  4474 | D:5      | Learned a level 4 spell: Summon Ice Beast
  4864 | D:6      | Found a staircase to the Ecumenical Temple.
  4871 | D:6      | Reached skill level 1 in Summonings
  4878 | Temple   | Entered the Ecumenical Temple
  4961 | Temple   | Became a worshipper of the Shining One
  5157 | D:6      | Reached skill level 1 in Invocations
  5705 | D:6      | Reached XP level 9. HP: 55/55 MP: 8/12
  5751 | D:6      | Identified the +3 leather armour "Cupud" {Harm}
  6036 | D:6      | Found a sacrificial altar of Ru.
  6081 | D:7      | Reached skill level 4 in Unarmed Combat
  6475 | D:7      | Found a white marble altar of Elyvilon.
  6932 | D:7      | Found a sparkling altar of Nemelex Xobeh.
  6952 | D:7      | Reached * piety under the Shining One
  7038 | D:7      | Found an opulent altar of Gozag.
  7158 | D:8      | Noticed a two-headed ogre
  7169 | D:8      | Killed a two-headed ogre
  7170 | D:8      | Reached skill level 5 in Summonings
  7170 | D:8      | Reached XP level 10. HP: 37/63 MP: 5/13
  7284 | D:8      | Noticed a two-headed ogre
  7296 | D:8      | Killed a two-headed ogre
  7297 | D:8      | Reached skill level 5 in Unarmed Combat
  7357 | D:8      | Noticed a manticore
  7365 | D:8      | Killed a manticore
  7525 | D:8      | Noticed a cyclops
  7531 | D:8      | Killed a cyclops
  7533 | D:8      | Identified the +8 falchion "Yczusab" {vamp, rElec Will+
                  | Dex+4}
  7533 | D:8      | Noticed a manticore
  7538 | D:8      | Identified the amulet "Duaguar" {Faith rPois Str+4 Dex+2}
  7562 | D:8      | Killed a manticore
  7563 | D:8      | Reached skill level 5 in Invocations
  7709 | D:8      | Noticed a centaur warrior
  7715 | D:8      | Killed a centaur warrior
  7716 | D:8      | Reached skill level 5 in Fighting
  7716 | D:8      | Reached skill level 6 in Unarmed Combat
  7818 | D:8      | Noticed a two-headed ogre
  7826 | D:8      | Killed a two-headed ogre
  7827 | D:8      | Reached XP level 11. HP: 54/72 MP: 2/16
  8001 | D:8      | Found a shadowy altar of Dithmenos.
  8382 | D:9      | You fall into a shaft and drop 2 floors!
  8593 | D:11     | Found a frozen archway.
  8593 | D:11     | Reached ** piety under the Shining One
  8636 | IceCv    | Entered an ice cave
  8713 | IceCv    | Noticed a quicksilver ooze
  8723 | IceCv    | Killed a quicksilver ooze
  8874 | IceCv    | Reached *** piety under the Shining One
  9059 | IceCv    | Noticed a quicksilver ooze
  9132 | IceCv    | Killed a quicksilver ooze
  9266 | IceCv    | Reached skill level 7 in Unarmed Combat
  9484 | IceCv    | Noticed a quicksilver ooze
  9489 | IceCv    | Killed a quicksilver ooze
  9490 | IceCv    | Reached skill level 5 in Spellcasting
  9540 | IceCv    | Found a viscous altar of Jiyva.
  9540 | IceCv    | Noticed an azure jelly
  9556 | IceCv    | Killed an azure jelly
  9557 | IceCv    | Reached skill level 10 in Transmutations
  9557 | IceCv    | Reached XP level 12. HP: 81/81 MP: 9/20
  9559 | IceCv    | Noticed an azure jelly
  9575 | IceCv    | Killed an azure jelly
  9587 | IceCv    | Identified the +0 barding of a Hundred Nights {rC- rN+
                  | Dex+5}
  9590 | IceCv    | Identified the +15 ice dragon scales of Lethargy {Contam
                  | rF- rC++ Int+3 Dex+8 Slay+3}
  9597 | IceCv    | Got the ring "Sefelo" {Ice Will+}
  9759 | D:10     | Entered Level 10 of the Dungeon
  9802 | D:10     | Learned a level 3 spell: Mephitic Cloud
  9896 | D:10     | Found a hide-covered altar of Uskayaw.
  9941 | D:10     | Reached skill level 8 in Unarmed Combat
 10047 | D:9      | Reached skill level 1 in Air Magic
 10077 | D:9      | Found a hazy altar of Hepliaklqana.
 10126 | D:9      | Noticed Grum
 10141 | D:9      | Killed Grum
 10165 | D:9      | Reached skill level 1 in Conjurations
 10278 | D:9      | Found a staircase to the Orcish Mines.
 10303 | D:9      | Found Tunih's Jewellery Boutique.
 10306 | D:9      | Bought a ring of protection from fire for 350 gold pieces
 10411 | D:9      | Noticed Psyche
 10418 | D:9      | Killed Psyche
 10514 | D:9      | Noticed Maggie
 10526 | D:9      | Killed Maggie
 10877 | D:10     | Found a staircase to the Lair.
 11317 | D:10     | Found a bloodstained altar of Trog.
 11514 | Lair:1   | Entered Level 1 of the Lair of Beasts
 12760 | Lair:2   | Found a shimmering altar of Xom.
 12791 | Lair:2   | Noticed a boulder beetle
 12823 | Lair:2   | Killed a boulder beetle
 12911 | Lair:2   | Identified a scroll of acquirement
 12912 | Lair:2   | Acquired a +6 ring of strength
 13065 | Lair:2   | Reached XP level 13. HP: 88/88 MP: 14/22
 13230 | Lair:2   | Found a staircase to the Shoals.
 13267 | Lair:2   | Noticed Gastronok
 13281 | Lair:2   | Noticed Amaemon
 13284 | Lair:2   | Killed Gastronok
 13285 | Lair:2   | Reached skill level 5 in Air Magic
 13603 | Lair:2   | Killed Amaemon
 14038 | Lair:3   | Reached skill level 9 in Unarmed Combat
 15110 | Lair:3   | Found the +9 staff of Olgreb {rPois∞}
 15395 | Lair:3   | Reached XP level 14. HP: 97/97 MP: 21/25
 15406 | Lair:3   | Reached skill level 10 in Invocations
 15434 | Lair:3   | Found a hole to the Spider Nest.
 15438 | Lair:3   | Reached **** piety under the Shining One
 16408 | Lair:4   | Reached skill level 10 in Unarmed Combat
 16687 | Lair:4   | Reached skill level 1 in Poison Magic
 16728 | Lair:4   | Learned a level 5 spell: Freezing Cloud
 17386 | Lair:4   | Found a runed translucent door.
 17408 | Lair:4   | Found the +8 trishula "Condemnation" {holy, anguish, *Noise
                  | Fly rN+}
 17497 | Lair:4   | Found a viscous altar of Jiyva.
 17499 | Lair:4   | Found a staircase to the Slime Pits.
 17671 | Lair:4   | Reached skill level 10 in Fighting
 18101 | Lair:5   | Entered Level 5 of the Lair of Beasts
 18262 | Lair:5   | Found a gate leading to a gauntlet.
 18278 | Lair:5   | Reached skill level 5 in Dodging
 18313 | Gauntlet | Entered a Gauntlet
 18313 | Gauntlet | Found a transporter.
 18313 | Gauntlet | Found a runed translucent door.
 18313 | Gauntlet | Found a runed translucent door.
 18316 | Gauntlet | Found a transporter.
 18318 | Gauntlet | Found a transporter.
 18334 | Gauntlet | Found a transporter.
 18335 | Gauntlet | Found a transporter.
 18345 | Gauntlet | Found a transporter.
 18360 | Gauntlet | Found a runed translucent gate.
 18361 | Gauntlet | Found a transporter.
 18361 | Gauntlet | Found a runed translucent gate.
 18362 | Gauntlet | Found a runed translucent gate.
 18372 | Gauntlet | Found a transporter.
 18382 | Gauntlet | Found a transporter.
 18393 | Gauntlet | Found a transporter.
 18395 | Gauntlet | Found a transporter.
 18424 | Gauntlet | Found a transporter.
 18465 | Gauntlet | Reached ***** piety under the Shining One
 18494 | Gauntlet | Found a transporter.
 18550 | Gauntlet | Identified the ring of Winter {rF+ rC+}
 19075 | Lair:5   | Reached skill level 5 in Conjurations
 19083 | Lair:5   | Reached XP level 15. HP: 105/105 MP: 19/27
 19556 | Lair:5   | Found a large runed translucent door.
 19556 | Lair:5   | Found a large runed translucent door.
 19838 | Lair:5   | Reached skill level 11 in Unarmed Combat
 20477 | D:11     | Reached skill level 5 in Poison Magic
 21246 | D:12     | Learned a level 5 spell: Summon Forest
 21667 | D:12     | Noticed Nergalle
 21673 | D:12     | Reached skill level 1 in Translocations
 21680 | D:12     | Killed Nergalle
 21898 | D:12     | Found Curheing's Serpentskin Sales.
 21913 | D:12     | Bought a scroll of poison for 64 gold pieces
 22375 | D:13     | Noticed Nessos
 22387 | D:13     | Killed Nessos
 22757 | D:13     | Identified the +1 scale mail of the True Pharaoh {rC+}
 22940 | D:13     | Noticed Frances
 22955 | D:13     | Killed Frances
 23196 | D:14     | Found Afats's Weapon Boutique.
 23236 | D:14     | Found Toulekh's General Store.
 23257 | D:14     | Bought a scroll of teleportation for 30 gold pieces
 23257 | D:14     | Bought a scroll of teleportation for 30 gold pieces
 23504 | D:14     | Found Satigeff's Jewellery Shoppe.
 23521 | D:14     | Found a gate to the Vaults.
 23658 | D:14     | Found Qewk's Antique Armour Shop.
 23739 | D:14     | Identified the +1 leather armour of Experimentation {Will+
                  | Dex+4}
 23761 | D:14     | Reached XP level 16. HP: 112/112 MP: 28/28
 23799 | D:14     | Found Hueneose's General Store.
 24207 | D:15     | Entered Level 15 of the Dungeon
 24551 | D:14     | Bought the ring "Astul" {rPois Will+ Int+6} for 950 gold
                  | pieces
 24719 | Spider:1 | Entered Level 1 of the Spider Nest
 24719 | Spider:1 | Noticed SlaveLabor's ghost (journeyman DEEE)
 24719 | Spider:1 | Found a runed translucent door.
 24719 | Spider:1 | Found a shimmering altar of Xom.
 24731 | Spider:1 | Reached skill level 5 in Translocations
 24755 | Spider:1 | Noticed Josephine
 24764 | Spider:1 | Killed Josephine
 24766 | Spider:1 | Noticed Jorgrun
 24770 | Spider:1 | Reached ****** piety under the Shining One
 24776 | Spider:1 | Killed Jorgrun
 25184 | Spider:1 | Killed SlaveLabor's ghost
 26115 | Spider:2 | Reached skill level 12 in Unarmed Combat
 27396 | Spider:3 | Reached skill level 10 in Dodging
 27667 | Spider:3 | Reached XP level 17. HP: 110/119 MP: 25/29
 27674 | Spider:3 | Learned a level 6 spell: Summon Cactus Giant
 28081 | Spider:3 | Noticed Bai Suzhen
 28256 | Spider:3 | Killed Bai Suzhen
 28795 | Spider:3 | Was placed under penance by the Shining One
 29082 | Spider:3 | HP: 6/142 [electric eel/bolt of electricity (9)]
 29083 | Spider:3 | HP: 2/142 [electric eel/bolt of electricity (7)]
 29766 | Orc:1    | Entered Level 1 of the Orcish Mines
 30012 | Orc:2    | Entered Level 2 of the Orcish Mines
 30210 | Orc:2    | Was forgiven by the Shining One
 30256 | Orc:2    | Found a staircase to the Elven Halls.
 30286 | Orc:2    | Found a runed translucent door.
 30289 | Orc:2    | Noticed Nethreeru's ghost (journeyman MiFi)
 30308 | Orc:2    | Found Amoky's General Store.
 30308 | Orc:2    | Found Jitwuo's Specific Store.
 30324 | Orc:2    | Killed Nethreeru's ghost
 30461 | Orc:2    | Bought a potion of heal wounds for 75 gold pieces
 30539 | Orc:2    | Found Piselire's Distillery.
 30727 | Orc:2    | Found Digufubre's Book Boutique.
 30784 | Orc:2    | Found Weaquaketi's General Store.
 30786 | Orc:2    | Found Kionaskia's Jewellery Emporium.
 31054 | Orc:2    | Bought the ring of Irytuus {rElec rF+ Int+4 Dex+7} for 807
                  | gold pieces
 32014 | Spider:4 | Entered Level 4 of the Spider Nest
 32039 | Spider:4 | Reached skill level 13 in Unarmed Combat
 32882 | Spider:4 | Acquired 1184 gold pieces
 34123 | Spider:4 | Reached XP level 18. HP: 128/128 MP: 17/30
 34990 | Spider:4 | Got a gossamer rune of Zot
 35363 | Orc:2    | Bought the ring of the Howling Gods {rPois Will+ EV+5} for
                  | 792 gold pieces
 35363 | Orc:2    | Bought a scroll of teleportation for 45 gold pieces
 35560 | Shoals:1 | Entered Level 1 of the Shoals
 35765 | Shoals:1 | Noticed Nikola
 35780 | Shoals:1 | Killed Nikola
 36178 | Shoals:1 | Reached skill level 10 in Summonings
 36902 | Shoals:2 | Reached skill level 14 in Unarmed Combat
 37193 | Shoals:2 | Noticed Roxanne
 37235 | Shoals:2 | Killed Roxanne
 37626 | Shoals:2 | Found Ubenueps's Armour Shop.
 37915 | Shoals:3 | Reached skill level 1 in Earth Magic
 38521 | Shoals:3 | Noticed Ilsuiw
 38565 | Shoals:3 | Killed Ilsuiw
 38940 | Shoals:4 | Entered Level 4 of the Shoals
 39086 | Shoals:4 | Reached XP level 19. HP: 135/135 MP: 24/31
 39297 | Shoals:4 | Found Sudejuol's Gadget Gallery.
 39325 | Shoals:4 | Bought a wand of digging (5) for 231 gold pieces
 39492 | Shoals:4 | Reached skill level 5 in Earth Magic
 40426 | Shoals:4 | Got a barnacled rune of Zot
 41169 | Elf:1    | Entered Level 1 of the Elven Halls
 41215 | Elf:1    | Found a white marble altar of Elyvilon.
 41215 | Elf:1    | Found a crumbling gateway.
 41215 | Elf:1    | Found a glowing silver altar of Zin.
 41249 | Elf:1    | Found a glowing golden altar of the Shining One.
 41249 | Elf:1    | Noticed Azrael
 41263 | Elf:1    | Killed Azrael
 41364 | Desolati | Entered the Desolation of Salt
 41560 | Desolati | Identified the +6 falchion of Righteous Anger {drain, Str+8
                  | Int-3}
 41815 | Desolati | Identified the +10 short sword of Dissent {freeze, rPois
                  | Will+ Str-4 Int+2}
 41850 | Desolati | Identified the +6 hand crossbow "Ycaddued" {speed, rF+ rN+
                  | Str+4}
 42047 | Desolati | Reached skill level 10 in Spellcasting
 42055 | Desolati | HP: 6/162 [peacekeeper (12)]
 42563 | Desolati | Learned a level 6 spell: Statue Form
 42808 | Desolati | Got the Quarto of Theory
 42811 | Desolati | Identified the +7 flail "Asemyoc" {freeze, rElec Int+4}
 43080 | Desolati | Reached XP level 20. HP: 142/142 MP: 12/34
 43080 | Desolati | Identified the +2 quarterstaff of Arrival {pain, rF+ rC+
                  | rCorr}
 43404 | Elf:1    | Reached skill level 10 in Earth Magic
 44355 | Elf:1    | Noticed Donald
 44365 | Elf:1    | Killed Donald
 44704 | Elf:1    | Found Joininail's Magic Scroll Emporium.
 44710 | Elf:1    | Bought a scroll of magic mapping for 135 gold pieces
 44710 | Elf:1    | Bought a scroll of teleportation for 54 gold pieces
 44710 | Elf:1    | Bought a scroll of magic mapping for 135 gold pieces
 44710 | Elf:1    | Bought a scroll of amnesia for 72 gold pieces
 44857 | Elf:2    | Reached skill level 1 in Shields
 45257 | Elf:2    | Found a portal to a secret trove of treasure.
 45523 | Elf:2    | Found a runed translucent gate.
 45523 | Elf:2    | Found a runed translucent gate.
 45523 | Elf:2    | Found a runed translucent gate.
 46357 | Elf:3    | Entered Level 3 of the Elven Halls
 46376 | Elf:3    | Reached skill level 5 in Shields
 46436 | Elf:1    | Bought a scroll of enchant armour for 135 gold pieces
 46530 | Elf:3    | Identified the ring "Nass" {Wiz Dex+3}
 46643 | Elf:3    | Reached XP level 21. HP: 149/149 MP: 30/36
 47594 | Elf:3    | Identified the +6 demon trident "Waated" {drain, Fragile
                  | rF- rC+++ SInv}
 47630 | Elf:3    | Identified the +3 trident of Dirtsage's Destruction {drain,
                  | rF++ Int+4}
 47750 | Elf:3    | Identified the +6 war axe of Eci Xino {freeze, rCorr}
 47791 | Elf:3    | Got Gonepsik's Guidebook on Evolution and Hypothermia
 47811 | Elf:3    | Saving game... please wait.
 48559 | D:15     | Reached skill level 15 in Unarmed Combat
 48580 | D:15     | Found a staircase to the Depths.
 49335 | Vaults:1 | Entered Level 1 of the Vaults
 49689 | Vaults:1 | Found Socs's Armour Boutique.
 49774 | Vaults:1 | Reached skill level 15 in Fighting
 50208 | Vaults:1 | Found a runed translucent door.
 50251 | Vaults:1 | Found Gici Aca's Weapon Shop.
 50258 | Vaults:1 | Reached XP level 22. HP: 157/157 MP: 30/38
 51043 | Vaults:1 | Noticed Aram's ghost (adept AtMo)
 51074 | Vaults:1 | Killed Aram's ghost
 51443 | Vaults:2 | Found Joafer's Jewellery Boutique.
 51604 | Vaults:1 | Reached skill level 10 in Shields
 52649 | Vaults:2 | Found a staircase to the Crypt.
 52649 | Vaults:2 | Found an ancient bone altar of Kikubaaqudgha.
 52650 | Vaults:2 | Found a basalt altar of Yredelemnul.
 53291 | Vaults:3 | Found Avoeme's Book Shop.
 53460 | Vaults:3 | Identified the +7 hand axe of Valour {heavy, *Corrode
                  | +Blink Dex+8}
 54199 | Vaults:3 | Reached skill level 16 in Unarmed Combat
 54538 | Vaults:3 | Reached XP level 23. HP: 164/164 MP: 36/39
 55021 | Vaults:4 | Found a magical portal.
 55031 | WizLab   | Entered Doroklohe's Tomb
 55188 | WizLab   | Identified the +2 helmet "Affagy" {rCorr Int-4 Dex+5 SInv}
 55193 | WizLab   | Noticed a dread lich
 55198 | WizLab   | Killed a dread lich
 55199 | WizLab   | Reached skill level 10 in Ice Magic
 55238 | WizLab   | Identified the +1 leather armour of the Pit {rN+}
 56091 | Vaults:4 | Found Awkik's Book Boutique.
 56096 | Vaults:4 | Bought a book of the Sky for 660 gold pieces
 56104 | Vaults:4 | Learned a level 7 spell: Storm Form
 56245 | Vaults:5 | Entered Level 5 of the Vaults
 56547 | Vaults:5 | Got a silver rune of Zot
 56683 | Vaults:5 | Noticed a dread lich
 56687 | Vaults:5 | Killed a dread lich
 56702 | Vaults:5 | Reached skill level 10 in Air Magic
 56939 | Vaults:5 | Reached XP level 24. HP: 125/173 MP: 35/40
 57585 | Vaults:5 | Identified the +5 great mace of the Hills {heavy, rCorr
                  | Str+2 Dex+5}
 57585 | Vaults:5 | Identified the +1 leather armour of the Swan {rElec rF-
                  | Will+ Int+5}
 57728 | Vaults:5 | Noticed an ancient lich
 57737 | Vaults:5 | Killed an ancient lich
 58117 | Vaults:4 | Bought a book of the Warp for 630 gold pieces
 58122 | Vaults:4 | Learned a level 4 spell: Manifold Assault
 58123 | Vaults:4 | Saving game... please wait.
 58123 | Vaults:4 | Upgraded the game from 0.30-a0-570-g486de37d69 to
                  | 0.30-a0-578-gdee14c521f
 58252 | Vaults:1 | Saving game... please wait.
 58290 | D:14     | Bought a ring of resist corrosion for 360 gold pieces
 58339 | Depths:1 | Entered Level 1 of the Depths
 58349 | Depths:1 | Reached skill level 17 in Unarmed Combat
 58488 | Depths:1 | Found a gateway to Hell.
 58733 | Depths:1 | Noticed Asterion
 58739 | Depths:1 | Killed Asterion
 58793 | Depths:1 | Found a radiant altar of Vehumet.
 59778 | Depths:2 | Noticed a caustic shrike
 59787 | Depths:2 | Killed a caustic shrike
 59966 | Depths:2 | Paralysed by a floating eye for 4 turns
 59973 | Depths:2 | Reached skill level 10 in Translocations
 59977 | Depths:2 | HP: 8/173 [titan/the air (15)]
 59984 | Depths:2 | Noticed a caustic shrike
 60632 | Depths:2 | Reached XP level 25. HP: 171/180 MP: 9/41
 60801 | Depths:2 | Reached skill level 15 in Transmutations
 61311 | Depths:2 | Identified the +3 morningstar "Seoheb" {pain, Int+4}
 61375 | Depths:2 | Found a one-way gate leading to the halls of Pandemonium.
 61486 | Depths:2 | Found a corrupted altar of Lugonu.
 61487 | Depths:2 | Found a one-way gate to the infinite horrors of the Abyss.
 61537 | Depths:2 | Found the +3 salamander hide armour {Flames rF++ rC--}
 61578 | Depths:2 | Got Sif Muna's Compilation of Glamour
 61851 | Depths:2 | Found a glowing silver altar of Zin.
 62068 | Depths:2 | Upgraded the game from 0.30-a0-578-gdee14c521f to
                  | 0.30-a0-585-g93115170b9
 62306 | Depths:3 | Found a runed translucent door.
 62306 | Depths:3 | Noticed Yseim's ghost (adept MiBe)
 63395 | Depths:3 | Killed Yseim's ghost
 63468 | Depths:4 | Entered Level 4 of the Depths
 63544 | Depths:3 | Identified the +3 quarterstaff "Zeuhe" {distort, rElec rC++
                  | Int-2 SInv}
 63605 | Depths:4 | Found Nuxzot's Self-Improvement Boutique.
 63931 | Depths:4 | Found a gate to the Realm of Zot.
 65091 | Slime:1  | Entered Level 1 of the Pits of Slime
 65785 | Slime:2  | Reached XP level 26. HP: 188/188 MP: 35/41
 65799 | Slime:2  | Reached skill level 15 in Spellcasting
 65964 | Slime:3  | Reached skill level 18 in Unarmed Combat
 66778 | Slime:4  | Saving game... please wait.
 66778 | Slime:4  | Upgraded the game from 0.30-a0-585-g93115170b9 to
                  | 0.30-a0-586-g23e55c9e0a
 66804 | Slime:5  | Entered Level 5 of the Pits of Slime
 66879 | Slime:5  | Noticed the Royal Jelly
 66891 | Slime:4  | Saving game... please wait.
 67086 | Slime:5  | Killed the Royal Jelly
 67256 | Slime:5  | Identified the +0 pair of gloves of the Dolphin {rF+ rN++
                  | Regen+ Dex-2}
 67277 | Slime:5  | Got a slimy rune of Zot
 68055 | D:14     | Bought the ring of Hedonism {rC+ Str+2 Dex+6 SInv} for 1051
                  | gold pieces
 68170 | Pan      | Entered Pandemonium
 68223 | Pan      | Reached skill level 1 in Hexes
 68320 | Pan      | Learned a level 3 spell: Swiftness
 68326 | Pan      | Learned a level 5 spell: Summon Mana Viper
 68340 | Pan      | Learned a level 3 spell: Lesser Beckoning
 68598 | Pan      | Noticed Ignacio
 68610 | Pan      | Killed Ignacio
 69159 | Pan      | Noticed Niocs the pandemonium lord
 69171 | Pan      | Reached skill level 15 in Air Magic
 69179 | Pan      | Killed Niocs the pandemonium lord
 69309 | Pan      | Noticed Mennas
 69325 | Pan      | Killed Mennas
 69441 | Pan      | Noticed Cud Neph the pandemonium lord
 69649 | Pan      | Killed Cud Neph the pandemonium lord
 69688 | Pan      | Got a demonic rune of Zot
 69954 | Pan      | Reached skill level 5 in Hexes
 70017 | Pan      | Reached XP level 27. HP: 195/195 MP: 42/42
 70947 | Pan      | Learned a level 7 spell: Enfeeble
 71144 | Pan      | Entered the realm of Cerebov.
 71427 | Pan      | Identified the amulet "Ofoilogo" {Acrobat Regen+ rCorr}
 71431 | Pan      | Identified the +1 halberd of Freehold {flame, rCorr}
 71520 | Pan      | Identified the +0 plate armour "Adgh" {Rampage rF- rN+
                  | Str+4}
 71541 | Pan      | Identified the ring "Sitwa" {rF- rC+ Str+5 Int+6 Dex+4}
 71549 | Pan      | Got the Parchment of the Remoulded Sphinx
 71695 | Pan      | Found the +6 sword of Cerebov {flame}
 71695 | Pan      | Noticed Cerebov
 71900 | Pan      | Killed Cerebov
 72020 | Pan      | Got a fiery rune of Zot
 72525 | Pan      | Identified the +1 sling of the Wheel {elec, *Corrode rC+++
                  | Int-5 Stlth+}
 72775 | Pan      | Noticed Ulygur the pandemonium lord
 72782 | Pan      | Killed Ulygur the pandemonium lord
 72796 | Pan      | Identified the +3 crystal plate armour of Grace {Regen+
                  | Dex+5 Stlth+}
 73636 | Pan      | Noticed Viso the pandemonium lord
 73651 | Pan      | Killed Viso the pandemonium lord
 73681 | Pan      | Identified the +7 falchion "Ofyfyfaezo" {drain, rN+ Int+5}
 73966 | Pan      | Reached skill level 19 in Unarmed Combat
 73983 | Pan      | Gained mutation: You are occasionally teleported next to
                  | monsters. [a neqoxec]
 73993 | Pan      | Lost mutation: You are occasionally teleported next to
                  | monsters. [potion of mutation]
 73993 | Pan      | Gained mutation: You sometimes lose your temper in combat.
                  | [potion of mutation]
 73993 | Pan      | Gained mutation: You are weak. (Str -2) [potion of
                  | mutation]
 73993 | Pan      | Gained mutation: You have a pair of small antennae on your
                  | head. [potion of mutation]
 73994 | Pan      | Lost mutation: You sometimes lose your temper in combat.
                  | [potion of mutation]
 73994 | Pan      | Lost mutation: You are weak. (Str -2) [potion of mutation]
 73994 | Pan      | Lost mutation: You have a pair of small antennae on your
                  | head. [potion of mutation]
 73994 | Pan      | Gained mutation: Your flesh is heat resistant. (rF+)
                  | [potion of mutation]
 73994 | Pan      | Gained mutation: Your spells are a little harder to cast,
                  | but a little more powerful. [potion of mutation]
 73994 | Pan      | Gained mutation: You have hidden genetic potential. [potion
                  | of mutation]
 74306 | Pan      | Found an exit through the horrors of the Abyss.
 74489 | Pan      | Gained mutation: You sometimes lose your temper in combat.
                  | [a cacodemon]
 74493 | Pan      | Lost mutation: Your spells are a little harder to cast, but
                  | a little more powerful. [potion of mutation]
 74493 | Pan      | Lost mutation: You sometimes lose your temper in combat.
                  | [potion of mutation]
 74493 | Pan      | Lost mutation: You have hidden genetic potential. [potion
                  | of mutation]
 74493 | Pan      | Gained mutation: You are clumsy. (Dex -2) [potion of
                  | mutation]
 74493 | Pan      | Gained mutation: Your spells are a little harder to cast,
                  | but a little more powerful. [potion of mutation]
 74493 | Pan      | Gained mutation: You expend magic power (3 MP) to
                  | strengthen your wands. [potion of mutation]
 74667 | Pan      | Found an exit through the horrors of the Abyss.
 74779 | Pan      | HP: 4/197 [Hell Sentinel/damnation (24)]
 74780 | Pan      | Killed from afar by a Hell Sentinel

Illustrated notes

Levels and vault maps discovered:
D:1:      matt_arrival_los_fun, layout_basic
D:2:      layout_basic, uniq_sigmund
D:3:      layout_basic, nicolae_wu_jian_wuxing_cycle, lemuel_tele_altar,
          fedhas_altar_3, serial_bayou_pond_a, corexii_hall_statues_i
D:4:      layout_layer_cave, hangedman_decor_opposing
D:5:      layout_basic, kennysheep_mini, kennysheep_okawaru_gauntlet,
          water_boxes_lemuel, uniq_blork_the_orc, uniq_eustachio
D:6:      layout_loops_cross, nicolae_ru_the_path_less_chosen,
          minmay_temple_entry_stoned_glass, nicolae_underground_beach
D:7:      layout_loops_ring, grunt_gozag_breadcrumbs, overflow_temple_1_default,
          lemuel_crystal_altar, minmay_misc_feat_doors
D:8:      layout_cave_pools, nicolae_dithmenos_shadow_blocks, minmay_evil_grid
D:9:      layout_cave_pools, mainiacjoe_overflow_surrounded_room, orc_0_dummy,
          serial_column_ruins, column_ruins_hut_ruined,
          column_ruins_circle_small, column_ruins_corridor_straight,
          column_ruins_columns_straight, column_ruins_corridor_corner,
          column_ruins_grid_3, serial_shops, kennysheep_mini_moat,
          enter_bailey_5, uniq_grum, uniq_maggie, uniq_psyche
D:10:     layout_loops_ring, trog_hazing_becter, dancing_weapons_uskayaw,
          grunt_lair_entry_orc_guard_hut, minmay_misc_feat_diagonals,
          minmay_holes, eino_curves_03
D:11:     layout_gridville, portal_ice_cave_entry_imps,
          hangedman_decor_peaks_small
D:12:     layout_long_grid, guppyfry_shop_venom, uniq_nergalle
D:13:     layout_loops_cross, nooodl_orcs_dogs, uniq_frances, uniq_nessos
D:14:     layout_basic, erik_vaults_2, serial_shops, nicolae_shop_behind_doors,
          shop, nicolae_shop_window_shopping, nicolae_shop_bloodbath_and_beyond,
          nicolae_shop_temple_entry_statues_fountains
D:15:     gammafunk_depths_entry_grave, layout_layer_cave,
          nicolae_concentric_dashed_squares_mild, serial_co_window_serial,
          co_window_paths_a, co_window_cross_1, co_window_paths_b,
          co_window_paths_a, co_window_paths_a, co_window_corner_a,
          co_window_cross_2, co_window_unsneaky_path_e, co_window_2corner,
          glass_columns_b, glass_columns_a, glass_columns_b, glass_columns_b,
          glass_columns_a
Temple:   hellmonk_temple_beads
Lair:1:   layout_roguey, grunt_megastairs_2, infiniplex_staircase_pool,
          lemuel_fruit_fields
Lair:2:   layout_hall_layers, minmay_shoals_entry_lonely_mermaid, basic_altar,
          st_stairs_4, grunt_megastairs_4, lemuel_fruit_tree, uniq_amaemon,
          uniq_gastronok
Lair:3:   nzn_winding_woodlands_small [nzn_winding_woodlands_5x15_parted,
          nzn_winding_woodlands_center_garden,
          nzn_winding_woodlands_5x15_longhouse], layout_layer_cave,
          nicolae_spider_entry_non_spiders, serial_bayou_shore_b
Lair:4:   gammafunk_lair_enchanted_lake, layout_regular_city,
          dpeg_slime_entry_enclosed, serial_bayou_shore_a
Lair:5:   cheibrodos_lair_end_hotspot, layout_regular_city,
          gauntlet_entry_generic, eino_small_chamber_without_monster,
          minivault_19
Shoals:1: layout_shoals, uniq_nikola
Shoals:2: layout_shoals, serial_shops, shop, uniq_roxanne
Shoals:3: layout_shoals, uniq_ilsuiw
Shoals:4: shoals_end_hangedman, layout_shoals, nicolae_shop_gadgets
Spider:1: layout_spider_delve, ebering_ghost_xom, uniq_josephine, uniq_jorgrun
Spider:2: layout_spider_delve
Spider:3: layout_spider_delve, nicolae_spider_bzzzt, uniq_bai_suzhen
Spider:4: spider_rune_water, guppyfry_spider_mini_2
Slime:1:  layout_caves
Slime:2:  layout_caves
Slime:3:  layout_caves
Slime:4:  layout_caves, nicolae_slime_rock_hall_of_fame
Slime:5
Orc:1:    layout_caves
Orc:2:    st_orc_elflike, layout_diamond_mine, hellmonk_ghost_happy_afterlife,
          nicolae_specific_store
Elf:1:    eino_elf_arrival_shootout, layout_gridlike, serial_shops,
          shop_scrolls, portal_desolation_entry_holy_temple,
          minmay_elf_necromancy, hangedman_elven_crosses_minicolossus,
          uniq_azrael, uniq_donald
Elf:2:    nicolae_elf_blades_crystal_corner, layout_geoelf_diagonals,
          enter_trove_1, grunt_ministairs_5, hex_intersection
Elf:3:    minmay_elf_hall_statues, layout_loops_ring, roderic_nine_men_s_morris
Vaults:1: ebering_ghost_reflecting_pool, vaults_room_pool, v_misc_10,
          dpeg_vaults_monster_box, nicolae_vaults_network_star,
          hangedman_vaults_maws, nicolae_vaults_rhombus_7, nicolae_vaults_theta,
          hangedman_vaults_maws, vaults_room_fours, vaults_dpeg_cross,
          layout_vaults_quadrants, serial_shops, shop
Vaults:2: v_misc_28, nicolae_vaults_mini_display_case, v_misc_19, v_pattern_1,
          minmay_crypt_entry_necro_gods, v_misc_2,
          nicolae_vaults_little_squares_4, vaults_standard_mumra_lines,
          nicolae_vaults_circle_grid_b, kb_rosetta,
          ontoclasm_vaults_decontamination, layout_vaults_omnicross,
          serial_shops, nicolae_shop_trees
Vaults:3: v_misc_2, v_alt_pattern_5, nicolae_vaults_arrows, v_misc_2,
          vaults_standard_mumra_enter_the_diamond, st_more_cells, serial_ice_g,
          ontoclasm_vaults_ring_square, hangedman_vaults_impose,
          vaults_room_mumra_shop_pool, v_rooms_6, vaults_mumra_lcd,
          nicolae_vaults_shelves_hall, v_alt_pattern_1, vaults_room_grid,
          layout_vaults_omnibox
Vaults:4: mu_enter_wizlab_4, v_misc_13, nicolae_vaults_little_squares_2,
          nicolae_vaults_little_squares_3, v_pattern_5, v_misc_1,
          vaults_dpeg_hooks, v_misc_28, nicolae_vaults_yaktaur_gun_rack,
          layout_vaults_big_room, serial_shops, shop
Vaults:5
Depths:1: layout_gridlike, grunt_mini_vestibule, vehumet_crystals, uniq_asterion
Depths:2: minmay_the_grid_square_5x5_5x5_mashed [minmay_the_grid_square_5x5_tie,
          minmay_the_grid_square_5x5_two_small, minmay_the_grid_square_5x5_v,
          minmay_the_grid_square_5x5_percent,
          minmay_the_grid_square_5x5_three_small,
          minmay_the_grid_square_5x5_checkered_sparse,
          minmay_the_grid_square_5x5_prize_pseudospiral,
          minmay_the_grid_square_5x5_shrine2,
          minmay_the_grid_square_5x5_prize_open,
          minmay_the_grid_square_5x5_slash,
          minmay_the_grid_square_5x5_beaten_path,
          minmay_the_grid_square_5x5_six_small,
          minmay_the_grid_square_5x5_prize_snowflake,
          minmay_the_grid_square_5x5_eight_small,
          minmay_the_grid_square_5x5_two_walls_a,
          minmay_the_grid_square_5x5_seven,
          minmay_the_grid_square_5x5_prize_rear_guard,
          minmay_the_grid_square_5x5_n,
          minmay_the_grid_square_5x5_prize_monsterx,
          minmay_the_grid_square_5x5_spiral, minmay_the_grid_square_5x5_eight,
          minmay_the_grid_square_5x5_fancy_junction,
          minmay_the_grid_square_5x5_bracketed,
          minmay_the_grid_square_5x5_inner_v,
          minmay_the_grid_square_5x5_checkered_statues], layout_cave_pools,
          abyss_entry_flame_altar, zin_angel, pan_entry,
          grunt_hell_entry_dis_grunt, infiniplex_staircase_pool_2
Depths:3: kennysheep_bubbly, layout_honeycomb, enter_ziggurat_a,
          ebering_ghost_reflecting_pool, hell_entry, kennysheep_big_empty_room,
          abyss_entry, infiniplex_staircase_hallway_doors, serial_bayou_shore_b,
          firewood_loft, uniq_frederick
Depths:4: evilmike_zot_entry_argh, layout_gridlike,
          pf_vacation_house_of_asmodeus, pan_entry, nicolae_shop_self_help
Pan:      evilmike_mini_pan_T, layout_stronghold, uniq_ignacio,
          grunt_pan_frozen_over, layout_pan_divisions_a
          [pan_division_quadrant_a5, pan_division_quadrant_a1,
          pan_division_quadrant_a3, pan_division_quadrant_a5,
          pan_division_octagon_empty], uniq_mennas_pan,
          evilmike_mini_pan_pillars, layout_gridlike, cerebov,
          layout_pan_divisions_a [pan_division_quadrant_a4,
          pan_division_quadrant_a2, pan_division_quadrant_a2,
          pan_division_quadrant_a2, pan_division_octagon_empty], rand_demon_1,
          layout_cellular_growth, evilmike_mini_pan_pillars_b, layout_basic,
          nicolae_pan_mnolegish_1, rand_demon_1, layout_basic

Skill      XL: |  1  2  3  4  5  6  7  8  9 10 11 12 13 14 15 16 17 18 19 20 21 22 23 24 25 26 27 |
---------------+----------------------------------------------------------------------------------+-----
Ice Magic      | 1 3 4 6 7 8 9 10 11 | 11.5
Transmutations | 4 5 6 7 8 9 10 12 13 14 15 16 | 16.9
Summonings     | 3 5 7 9 10 | 10.4
Invocations    | 2 3 5 7 8 9 10 11 13 14 | 14.0
Fighting       | 2 3 5 7 8 9 10 11 13 14 15 16 17 18 | 18.5
Unarmed Combat | 4 6 7 8 9 10 11 12 13 14 15 16 17 18 19 | 19.0
Spellcasting   | 3 5 6 7 8 10 11 12 13 14 15 16 | 16.2
Air Magic      | 4 7 8 10 12 14 15 17 | 17.0
Conjurations   | 3 4 5 |  5.7
Poison Magic   | 4 5 |  5.0
Dodging        | 5 8 10 11 12 13 | 13.7
Translocations | 4 7 8 10 12 | 12.9
Earth Magic    | 4 9 10 | 10.8
Shields        | 5 8 11 12 | 12.6
Hexes          | 5 9 |  9.1

Action                   |  1- 3 |  4- 6 |  7- 9 | 10-12 | 13-15 | 16-18 | 19-21 | 22-24 | 25-27 || total
-------------------------+-------+-------+-------+-------+-------+-------+-------+-------+-------++-------
Melee: Unarmed           |    53 |    60 |   272 |   483 |   879 |  1094 |  1107 |  1054 |  1147 ||  6149
       Constrict         |    13 |     9 |     4 |     2 |     4 |     5 |   119 |    85 |       ||   241
       Kick              |     5 |     7 |     2 |       |       |       |       |       |       ||    14
       Tentacles         |    13 |     6 |     4 |     3 |     5 |     7 |   199 |   259 |     3 ||   499
       Punch             |       |     1 |       |       |     4 |     3 |    79 |   205 |   173 ||   465
       Staff             |       |       |       |       |       |       |       |       |    24 ||    24
 Cast: Beastly Appendage |     4 |     8 |     1 |       |       |       |       |       |       ||    13
       Ice Form          |       |     3 |    28 |    37 |    67 |    95 |    37 |       |       ||   267
       Summon Ice Beast  |       |       |     4 |    25 |    43 |    31 |     5 |     1 |     1 ||   110
       Mephitic Cloud    |       |       |       |     2 |     1 |       |       |       |       ||     3
       Wereblood         |       |       |       |     1 |     3 |       |       |     5 |     8 ||    17
       Freezing Cloud    |       |       |       |       |    28 |    18 |    26 |    28 |    12 ||   112
       Summon Forest     |       |       |       |       |     1 |    29 |    15 |     9 |    13 ||    67
       Summon Cactus Gia |       |       |       |       |       |    44 |    37 |     8 |     5 ||    94
       Statue Form       |       |       |       |       |       |       |    45 |    48 |       ||    93
       Storm Form        |       |       |       |       |       |       |       |    32 |   100 ||   132
       Manifold Assault  |       |       |       |       |       |       |       |    26 |   116 ||   142
       Lesser Beckoning  |       |       |       |       |       |       |       |       |     2 ||     2
       Enfeeble          |       |       |       |       |       |       |       |       |     2 ||     2
Invok: Divine Shield     |       |       |       |     6 |    10 |     9 |    10 |     3 |    11 ||    49
       Summon Divine War |       |       |       |       |     1 |     4 |     5 |     2 |     9 ||    21
 Abil: Blinkbolt         |       |       |       |       |       |       |       |     2 |     1 ||     3
Evoke: Wand              |       |     1 |       |     1 |       |     2 |       |     1 |     3 ||     8
  Use: Potion            |     1 |     2 |       |     2 |       |    10 |     2 |     1 |     7 ||    25
       Scroll            |       |       |     7 |    10 |     7 |    10 |     6 |     8 |     6 ||    54
 Stab: Sleeping          |     4 |     6 |     2 |       |       |       |       |       |       ||    12
Armor: Skin              |     6 |     8 |    56 |   139 |   250 |   416 |   363 |   285 |   148 ||  1671
Dodge: Dodged            |    22 |    19 |   163 |   280 |   458 |  1016 |  1088 |   919 |   821 ||  4786
Block: Other             |     2 |    16 |    48 |   141 |   189 |   340 |   136 |    65 |   157 ||  1094
       Reflection        |       |       |     1 |     8 |     5 |    21 |    66 |    81 |     5 ||   187
       Kite shield       |       |       |       |       |       |       |   511 |   722 |    13 ||  1246

Table legend: (Time is in decaauts)
 A = Elapsed time spent in this place.
 B = Non-inter-level travel time spent in this place.
 C = Inter-level travel time spent in this place.
 D = Time resting spent in this place.
 E = Time spent auto-exploring this place.
 F = Levels seen in this place.
 G = Mean time per level.
                   A        B        C        D        E       F      G
               +--------+--------+--------+--------+--------+-----+--------+
         Total |  76083 |  71300 |   4783 |  10922 |  43451 |  59 | 1289.5 |
       Dungeon |  16688 |  15158 |   1530 |   1142 |  11361 |  15 | 1112.5 |
        Temple |    137 |     84 |     53 |      0 |     70 |   1 |  137.0 |
          Lair |   8889 |   8055 |    834 |   1366 |   5101 |   5 | 1777.8 |
        Shoals |   5316 |   5141 |    175 |    540 |   3480 |   4 | 1329.0 |
   Spider Nest |   8097 |   7611 |    486 |   3163 |   2754 |   4 | 2024.2 |
    Slime Pits |   2567 |   2418 |    149 |    248 |   1297 |   5 |  513.4 |
  Orcish Mines |   1986 |   1527 |    459 |     20 |   1192 |   2 |  993.0 |
   Elven Halls |   5649 |   5383 |    266 |    829 |   2988 |   3 | 1883.0 |
        Vaults |  10141 |   9549 |    592 |    634 |   6723 |   5 | 2028.2 |
        Depths |   6476 |   6241 |    235 |   1422 |   3612 |   4 | 1619.0 |
   Pandemonium |   6358 |   6358 |      0 |    342 |   3864 |   7 |  908.3 |
      Ice Cave |   1048 |   1048 |      0 |    550 |     31 |   1 | 1048.0 |
        Wizlab |    378 |    378 |      0 |      0 |    158 |   1 |  378.0 |
    Desolation |   1818 |   1818 |      0 |    486 |    819 |   1 | 1818.0 |
      Gauntlet |    527 |    527 |      0 |    178 |      0 |   1 |  527.0 |
               +--------+--------+--------+--------+--------+-----+--------+

Top non-repeatable levels by time:
Spider:4: 2908 daAuts
Spider:3: 2837 daAuts
Vaults:1: 2731 daAuts
Depths:3: 2501 daAuts
  Lair:3: 2465 daAuts
Vaults:3: 2380 daAuts
  Lair:4: 2027 daAuts
Vaults:2: 2019 daAuts
Shoals:4: 1967 daAuts
   Elf:1: 1938 daAuts
   Elf:2: 1881 daAuts
   Elf:3: 1828 daAuts
Desolation: 1818 daAuts
  Lair:1: 1646 daAuts
Vaults:5: 1642 daAuts
